 Dungeon Crawl Stone Soup version 0.17.1-1-g73c8601 (webtiles) character file.

5599 sugabear the Slinger (level 10, 0/51 HPs)
             Began as a Vine Stalker Gladiator on Dec 19, 2015.
             Was a Believer of Kikubaaqudgha.
             Killed from afar by a gargoyle (13 damage)
             ... with a stone arrow
             ... on level 10 of the Dungeon on Dec 20, 2015.
             The game lasted 00:20:32 (10061 turns).

sugabear the Slinger (Vine Stalker Gladiator)      Turns: 10061, Time: 00:20:34

Health: 0/51       AC: 16    Str: 20    XL:     10   Next: 73%
Magic:  0/11       EV: 13    Int: 12    God:    Kikubaaqudgha [**....]
Gold:   404        SH:  0    Dex: 16    Spells: 0 memorised, 9 levels left

rFire  . . .     SeeInvis .     C - +0 flail (holy)
rCold  + . .     Clarity  .     S - +2 scale mail {rC+}
rNeg   + . .     SustAt   .     (no shield)
rPois  .         Gourm    .     c - +0 helmet
rElec  .         Spirit   +     k - +2 cloak
rCorr  .         Warding  .     (no gloves)
rMut   .         Stasis   .     O - +1 pair of boots
MR     +....                    s - amulet of regeneration
Stlth  +.........               z - +4 ring of intelligence
                                y - ring of positive energy

@: somewhat resistant to hostile enchantments, very unstealthy
A: fangs 3, regeneration 2, magic shield, antimagic bite, no device heal 3, rot
immunity
a: Receive Corpses, Renounce Religion


You were on level 10 of the Dungeon.
You worshipped Kikubaaqudgha.
Kikubaaqudgha was pleased with you.
You were not hungry.

You visited 2 branches of the dungeon, and saw 11 of its levels.

You collected 404 gold pieces.

Inventory:

Hand Weapons
 C - a +0 flail of holy wrath (weapon)
 L - the +10 hunting sling of Success {speed, rC++ Str-3}
   (You found it on level 5 of the Dungeon)

   Attacks with this weapon are significantly faster.
   It affects your strength (-3).
   It greatly protects you from cold.
Missiles
 d - 3 throwing nets (quivered)
 M - 66 sling bullets
Armour
 b - a +1 chain mail of poison resistance
 c - a +0 helmet (worn)
 k - a +2 cloak (worn)
 G - a +1 chain mail of magic resistance
 K - a +4 chain mail of fire resistance
 O - a +1 pair of boots (worn)
 S - a +2 scale mail of cold resistance (worn)
Jewellery
 s - an amulet of regeneration (around neck)
 y - a ring of positive energy (left hand)
 z - a +4 ring of intelligence (right hand)
Wands
 r - a wand of frost (17)
 x - a wand of frost (26)
 E - a wand of magic darts (28)
 F - a wand of slowing (24)
 H - a wand of fireball (11)
 I - a wand of fireball (7)
 N - a wand of disintegration (15)
 P - a wand of digging (14)
 R - a wand of flame (19)
 T - a wand of draining (10)
Scrolls
 a - a scroll of fog {unknown}
 f - 10 scrolls of identify
 g - a scroll of magic mapping {unknown}
 j - 3 scrolls of amnesia {unknown}
 n - 4 scrolls of remove curse
 o - 4 scrolls of teleportation
 q - a scroll of enchant armour {unknown}
 t - 3 scrolls of noise {unknown}
 v - a scroll of recharging {unknown}
 A - 2 scrolls of random uselessness {unknown}
 J - 2 scrolls of blinking {unknown}
 Q - 3 scrolls of enchant weapon {unknown}
 W - a scroll of vulnerability {unknown}
Potions
 h - 8 potions of curing
 i - 2 potions of might
 l - 2 potions of cure mutation
 u - 2 potions of poison {unknown}
Books
 p - a Fen Folio

   Spells                             Type                      Level
   a - Corpse Rot                     Necromancy                   2
   b - Stone Arrow                    Conjuration/Earth            3
   c - Leda's Liquefaction            Hexes/Earth                  4
   d - Summon Forest                  Summoning/Translocation      5
   e - Hydra Form                     Transmutation                6
   f - Summon Hydra                   Summoning                    7
 w - a book of Maledictions

   Spells                             Type                      Level
   a - Corona                         Hexes                        1
   b - Ensorcelled Hibernation        Hexes/Ice                    2
   c - Confuse                        Hexes                        3
   d - Tukima's Dance                 Hexes                        3
   e - Dazzling Spray                 Conjuration/Hexes            3
 U - Kikubaaqudgha's Papyrus of Evil Rituals
   (Kikubaaqudgha gifted it to you on level 8 of the Dungeon)

   Spells                             Type                      Level
   a - Animate Skeleton               Necromancy                   1
   b - Corpse Rot                     Necromancy                   2
   c - Sublimation of Blood           Necromancy                   2
   d - Vampiric Draining              Necromancy                   3
   e - Control Undead                 Necromancy                   4
Comestibles
 e - 4 bread rations
 m - 6 slices of pizza
 B - 3 meat rations
 V - 3 fruits


   Skills:
 + Level 4.8 Fighting
 + Level 6.1 Maces & Flails
 + Level 8.0(8.2) Slings
 + Level 2.0(5.4) Throwing
 + Level 5.1 Armour
 + Level 5.6 Dodging
 + Level 2.1 Stealth
 * Level 4.7 Necromancy


You had 9 spell levels left.
You didn't know any spells.

Dungeon Overview and Level Annotations

Branches:
Dungeon (10/15)            Temple (1/1) D:7             Orc (0/4) D:9
   Lair: D:8-11

Altars:
Ashenzari
Cheibriados
Dithmenos
Elyvilon
Fedhas
Gozag
Kikubaaqudgha
Makhleb
Nemelex Xobeh
Okawaru
Qazlal
Ru
Sif Muna
Trog
Vehumet
Xom
Yredelemnul
Zin
The Shining One


Innate Abilities, Weirdness & Mutations

You have razor-sharp teeth.
You heal very quickly.
When hurt, damage is shared between your health and your magic reserves.
Your bite disrupts and absorbs the magic of your enemies.
Potions and wands cannot restore your health.
You are immune to rotting.


Message History

The gargoyle struggles to escape the net.
The helpless gargoyle fails to defend itself.
You hit the gargoyle but do no damage. Your bite misses the gargoyle.
The gargoyle is heavily damaged.
The gargoyle struggles to escape the net.
The gargoyle breaks free.
You hit the gargoyle but do no damage. Your bite misses the gargoyle.
The gargoyle is heavily damaged.
The gargoyle hits you with a mace.
* * * LOW HITPOINT WARNING * * *
Throwing (i - inventory):
d - 4 throwing nets (quivered)
Press: ? - help, Shift-Dir - straight line, f/p - gargoyle
Aim: a gargoyle, wielding a mace (heavily damaged)
You throw a throwing net. The throwing net hits the gargoyle.
The gargoyle is caught in the net!
The gargoyle is heavily damaged.
The gargoyle hurls a stone arrow at you.
The stone arrow hits you!
You die...
Kikubaaqudgha rasps: "You have failed me!
Welcome... death!"

#. #. .. #.#
.# #.# .#
#.# .# ###.#
.# #...##.#
#.@#.#
###.###9#..#
........<..#
###.##.##.##
#. .## .. #
#.. ..# ##.


You could see a gargoyle (caught).

Vanquished Creatures
  4 yaks (D:9)
  3 ice beasts
  4 phantoms
  An orc warrior (D:6)
  4 ogres
  A necrophage (D:9)
  13 big kobolds (D:8)
  6 giant frogs
  14 killer bees
  2 troll zombies (D:9)
  2 scorpions (D:8)
  4 wights (D:7)
  5 crimson imps
  A giant frog zombie (D:7)
  8 orc wizards
  A gnoll shaman (D:6)
  3 hounds
  3 jellies
  4 giant frog skeletons
  5 iguanas
  4 orc priests
  Natasha (thrice) (D:3)
  5 worker ants
  6 ogre zombies (D:9)
  A hound zombie (D:6)
  A worker ant zombie (D:7)
  13 gnolls
  7 adders
  A shadow imp (D:5)
  An ooze (D:2)
  An adder skeleton (D:7)
  A worm (D:2)
  2 giant geckos
  20 orcs
  8 goblins
  10 hobgoblins
  7 jackals
  2 ball pythons
  10 bats
  A giant gecko skeleton (D:4)
  A giant gecko zombie (D:5)
  8 giant newts
  A goblin skeleton (D:9)
  2 goblin zombies (D:9)
  2 hobgoblin skeletons (D:9)
  24 kobolds
  2 orc skeletons (D:9)
  18 orc zombies (D:9)
  2 quokkas
  6 rats
258 creatures vanquished.

Notes
Turn   | Place    | Note
--------------------------------------------------------------
     0 | D:1      | sugabear the Vine Stalker Gladiator began the quest for the Orb.
     0 | D:1      | Reached XP level 1. HP: 11/11 MP: 2/2
    61 | D:1      | Reached skill level 3 in Maces & Flails
    61 | D:1      | Reached XP level 2. HP: 15/15 MP: 3/3
   503 | D:2      | Reached XP level 3. HP: 16/18 MP: 4/4
  1010 | D:1      | Reached XP level 4. HP: 7/23 MP: 5/5
  1575 | D:2      | Reached skill level 1 in Armour
  1709 | D:3      | Noticed Natasha
  1717 | D:3      | Killed Natasha
  1717 | D:3      | Reached XP level 5. HP: 18/26 MP: 3/6
  1842 | D:3      | Noticed Natasha
  1852 | D:3      | Killed Natasha
  2240 | D:3      | Noticed Natasha
  2242 | D:3      | Killed Natasha
  2610 | D:4      | Noticed an ogre
  2649 | D:4      | Gained mutation: You heal very quickly. [Vine Stalker growth]
  2649 | D:4      | Reached XP level 6. HP: 13/32 MP: 4/7
  2656 | D:4      | Killed an ogre
  2656 | D:4      | Reached skill level 4 in Dodging
  2656 | D:4      | Reached skill level 1 in Stealth
  3316 | D:4      | Reached XP level 7. HP: 25/36 MP: 6/8
  3362 | D:4      | Noticed a phantom
  3369 | D:4      | Killed a phantom
  3993 | D:5      | Entered Level 5 of the Dungeon
  4191 | D:5      | Got a crystal hunting sling
  4441 | D:2      | Identified the +10 hunting sling of Success {speed, rC++ Str-3} (You found it on level 5 of the Dungeon)
  4718 | D:5      | Gained mutation: You have razor-sharp teeth. [Vine Stalker growth]
  4718 | D:5      | Reached XP level 8. HP: 42/42 MP: 9/9
  4925 | D:5      | Reached skill level 1 in Slings
  5635 | D:6      | Reached skill level 5 in Dodging
  5758 | D:6      | Reached skill level 5 in Maces & Flails
  6427 | D:6      | Reached XP level 9. HP: 45/45 MP: 10/10
  6507 | D:6      | Found an ancient bone altar of Kikubaaqudgha.
  6508 | D:6      | Found a blossoming altar of Fedhas.
  6566 | D:6      | You fall through a shaft for 3 floors!
  6586 | D:9      | Found a shimmering altar of Xom.
  6587 | D:9      | Found a burning altar of Makhleb.
  6672 | D:8      | Found a basalt altar of Yredelemnul.
  6710 | D:8      | Found a deep blue altar of Sif Muna.
  6710 | D:8      | Found a white marble altar of Elyvilon.
  7110 | D:7      | Reached skill level 5 in Slings
  7124 | D:7      | Found a staircase to the Ecumenical Temple.
  7162 | Temple   | Entered the Ecumenical Temple
  7295 | D:6      | Became a worshipper of Kikubaaqudgha
  7659 | D:7      | Reached skill level 1 in Necromancy
  8181 | D:8      | Reached skill level 6 in Slings
  8212 | D:8      | Reached * piety under Kikubaaqudgha
  8212 | D:8      | Received a gift from Kikubaaqudgha
  8213 | D:8      | Identified Kikubaaqudgha's Papyrus of Evil Rituals (Kikubaaqudgha gifted it to you on level 8 of the Dungeon)
  8233 | D:8      | Reached XP level 10. HP: 51/51 MP: 11/11
  8254 | D:8      | Reached skill level 7 in Slings
  8807 | D:8      | Reached ** piety under Kikubaaqudgha
  9312 | D:9      | Found a staircase to the Orcish Mines.
  9348 | D:9      | Reached skill level 8 in Slings
  9710 | D:9      | Reached skill level 5 in Armour
 10029 | D:10     | Entered Level 10 of the Dungeon
 10061 | D:10     | Killed from afar by a gargoyle

Action                   |  1- 3 |  4- 6 |  7- 9 | 10-12 || total
-------------------------+-------+-------+-------+-------++-------
Melee: Flail             |    98 |   187 |   200 |   208 ||   693
 Fire: Hunting sling     |       |       |   171 |    60 ||   231
Throw: Throwing net      |     1 |     1 |       |     2 ||     4
  Use: Potion            |       |       |    10 |       ||    10
       Scroll            |       |       |     5 |       ||     5
 Stab: Held in net/web   |       |       |       |     1 ||     1
  Eat: Chunk             |       |     8 |    13 |     5 ||    26
       Beef jerky        |       |       |     2 |     1 ||     3
